Map: Incorporeal LE

Players

Boxer - Winner!

  • Race: Protoss Protoss
  • Spawn Location: 5:00

ManlyManMeat

  • Race: Zerg Zerg
  • League: Platinum
  • Spawn Location: 11:00

VOD

Have the link to the VOD?

Description

Time

  • Played on: June 21, 2025, 9:01 a.m.
  • Length: 9:14
Show
View Real Time Build Order
Export as new Build Order

Boxer Protoss - Winner!

Build Orders: Forge Fast Expand (FFE), Chargelot Immortal 

Get SALT Encoding   

  12  0:00  Probe  
  13  0:12  Probe  
  14  0:22  Pylon  
  14  0:27  Probe  
  15  0:40  Probe  
  15  0:41  Forge  
  16  1:07  Pylon  
  16  1:25  Photon Cannon  
  16  1:36  Nexus  
  16  1:45  Pylon  
  16  2:04  Pylon  
  16  2:07  Photon Cannon  
  16  2:14  Probe  
  17  2:27  Probe  
  17  2:28  Photon Cannon  
  18  2:39  Probe  
  18  2:41  Gateway  
  19  2:50  Probe  
  19  2:51  Probe  
  21  2:55  Photon Cannon  
  21  3:06  Photon Cannon  
  21  3:13  Photon Cannon  
  21  3:18  Probe x2  
  23  3:48  Pylon  
  23  3:50  Probe x2  
  23  3:54  Assimilator  
  25  3:56  Assimilator  
  25  3:59  Cybernetics Core  
  25  4:02  Probe x2  
  26  4:06  Assimilator  
  27  4:14  Probe  
  27  4:15  Probe  
  29  4:17  Photon Cannon  
  29  4:26  Probe  
  29  4:27  Probe  
  31  4:37  Protoss Ground Weapons Level 1  
  31  4:39  Probe x2  
  33  4:51  Probe x2  
  35  4:54  Assimilator  
  35  5:03  Probe x2  
  37  5:15  Probe x2  
  37  5:18  Robotics Facility  
  37  5:20  Robotics Facility  
  38  5:27  Probe x2  
  40  5:34  Pylon  
  40  5:36  Pylon  
  40  5:39  Pylon  
  40  5:41  Probe x2  
  42  5:42  Pylon  
  42  5:45  Pylon  
  42  5:48  Pylon, Photon Cannon  
  42  5:50  Photon Cannon  
  42  5:51  Pylon  
  42  5:53  Probe x2  
  44  5:59  Immortal  
  43  6:05  Immortal, Probe x2, Twilight Council  
  53  6:21  Warp Gate  
  53  6:30  Protoss Ground Weapons Level 2  
  53  6:42  Gateway x2  
  53  6:45  Gateway  
  53  6:46  Gateway  
  53  6:48  Gateway, Charge  
  53  6:54  Immortal  
  53  6:59  Immortal  
  53  7:01  Zealot  
  63  8:15  Immortal x2  
  63  8:17  Zealot x3  
  63  8:18  Zealot x3  
  83  8:34  Nexus  
  83  8:38  Pylon  
  83  8:41  Pylon  
  83  8:43  Assimilator, Zealot x3  
  83  8:44  Zealot x2  
  83  8:47  Assimilator  
Show
View Real Time Build Order
Export as new Build Order

ManlyManMeat Zerg 

Build Orders: Hatch First 

Get SALT Encoding   

  12  0:00  Drone  
  13  0:12  Overlord  
  13  0:22  Drone  
  14  0:30  Drone x2  
  14  0:34  Drone  
  17  0:53  Hatchery  
  17  0:54  Drone  
  17  1:05  Drone  
  18  1:14  Spawning Pool  
  18  1:15  Extractor  
  16  1:29  Drone  
  16  1:30  Drone x2  
  19  2:11  Hatchery  
  19  2:13  Queen  
  20  2:27  Spine Crawler  
  19  2:32  Drone, Spine Crawler  
  19  2:33  Drone  
  20  2:47  Roach Warren  
  19  3:03  Drone  
  20  3:22  Overlord  
  20  3:31  Spine Crawler  
  19  3:34  Queen  
  21  3:43  Drone x2  
  21  3:46  Roach  
  21  3:47  Roach  
  27  4:04  Roach  
  27  4:05  Roach  
  31  4:11  Ravager  
  32  4:25  Drone x3  
  35  4:42  Overlord  
  35  4:51  Ravager  
  36  4:55  Extractor  
  35  5:00  Drone  
  35  5:01  Drone x2  
  38  5:16  Drone  
  39  5:42  Drone x3  
  42  5:43  Overlord x2  
  42  6:00  Drone x2  
  42  6:01  Overlord  
  42  6:02  Roach  
  46  6:14  Drone x2  
  46  6:15  Drone x3  
  51  6:32  Roach x6  
  63  6:34  Extractor  
  63  6:36  Extractor  
  61  6:47  Drone  
  61  6:48  Drone x2  
  61  6:49  Evolution Chamber  
  63  6:57  Roach x2  
  67  7:01  Lair  
  67  7:11  Hatchery  
  67  7:12  Drone x2  
  68  7:16  Hatchery, Ravager  
  68  7:19  Overlord x3  
  68  7:39  Roach x3  
  68  7:40  Roach x3  
  68  7:44  Drone x2  
  82  7:49  Spore Crawler x2  
  82  7:50  Spore Crawler  
  79  7:51  Drone  
  80  8:14  Zergling x8  
  80  8:16  Overlord x2  
  84  8:30  Zergling x10  
  89  8:39  Hydralisk Den  
  88  8:44  Drone  
  88  8:48  Drone  
  90  8:51  Drone  
Tags
 
Add a new tag
Caveats
  • Supply blocks, unpowered buildings, or Contaminate may cause inaccurate times.
  • Supply counts are checked every 10 seconds.